 Dungeon Crawl Stone Soup version 0.29.1-15-g9cfb28693d (webtiles) character file.

Game seed: 12959832606143859907

6834 SeriousMike the Cleaver (level 11, -13/97 HPs)
             Began as a Hill Orc Fighter on Mar 21, 2023.
             Mangled by a two-headed ogre
             ... wielding a +0 giant club
              (22 damage)
             ... on level 10 of the Dungeon.
             The game lasted 00:32:18 (12274 turns).

SeriousMike the Cleaver (Hill Orc Fighter)         Turns: 12274, Time: 00:32:19

Health: -13/97     AC: 13    Str: 24    XL:     11   Next: 5%
Magic:  11/11      EV: 11    Int:  8    God:
Gold:   358        SH:  9    Dex: 10    Spells: 10/10 levels left

rFire   . . .      SeeInvis .   a - +1 war axe
rCold   . . .      Faith    .   c - +0 kite shield
rNeg    + . .      Spirit   .   C - +0 steam dragon scales
rPois   .          Reflect  .   d - +2 hat {Will+}
rElec   .          Harm     .   (no cloak)
rCorr   .          Rampage  .   i - +2 pair of gloves
Will    +....                   e - +0 pair of boots
Stlth   +.........              (no amulet)
HPRegen 0.26/turn               k - ring of flight
MPRegen 0.12/turn               v - ring of positive energy

@: flying
A: no striking features
a: no special abilities


You were on level 10 of the Dungeon.
You visited 2 branches of the dungeon, and saw 11 of its levels.
You also visited: Sewer.

You collected 526 gold pieces.
You spent 168 gold pieces at shops.

Inventory:

Hand Weapons
 a - a +1 war axe (weapon)
Missiles
 y - a javelin (quivered)
 F - 7 poisoned darts
Armour
 b - a +0 scale mail
 c - a +0 kite shield (worn)
 d - a +2 hat of willpower (worn)
 e - a +0 pair of boots (worn)
 i - a +2 pair of gloves (worn)
 C - +0 steam dragon scales (worn)
Jewellery
 k - a ring of flight (left hand)
 v - a ring of positive energy (right hand)
 A - a ring of see invisible
Wands
 E - a wand of iceblast (8)
 I - a wand of digging (5)
Scrolls
 f - a scroll of teleportation
 h - a scroll of fear {unknown}
 j - 2 scrolls of enchant weapon
 l - a scroll of butterflies {unknown}
 n - a scroll of poison
 o - 2 scrolls of enchant armour
 p - a scroll of immolation {unknown}
 r - a scroll of brand weapon
 s - a scroll of summoning {unknown}
 w - a scroll of noise {unknown}
 z - a scroll of silence {unknown}
 D - 3 scrolls of identify
 H - a scroll of magic mapping {unknown}
Potions
 g - a potion of heal wounds
 m - a potion of haste
 q - a potion of mutation
 u - a potion of might
 x - a potion of resistance
 B - a potion of attraction
 G - 2 potions of lignification


   Skills:
 + Level 9.1 Fighting
 + Level 14.0 Axes
 + Level 7.7 Armour
 + Level 4.6 Dodging
 - Level 1.0 Stealth
 + Level 7.4 Shields


You had 10 spell levels left.
You didn't know any spells.
Your spell library contained the following spells:

 Spells                   Type           Power      Damage    Failure   Level
 Poisonous Vapours        Pois/Air       0%         N/A       86%         2
 Inner Flame              Hex/Fire       0%         N/A       97%         3
 Cause Fear               Hex            0%         N/A       100%        4
 Corpse Rot               Necr/Pois/Air  0%         N/A       100%        4
 Discord                  Hex            0%         N/A       100%        8


Dungeon Overview and Level Annotations

Branches:
Dungeon (10/15)            Temple (1/1) D:6            Lair (0/5) D:8
  Sewer (visited)
    Orc: D:9-12

Altars:
Ashenzari
Cheibriados
Dithmenos
Elyvilon
Fedhas
Hepliaklqana
Kikubaaqudgha
Makhleb
Nemelex Xobeh
Okawaru
Qazlal
Ru
Sif Muna
Trog
Vehumet
Wu Jian
Xom
Yredelemnul
Zin
The Shining One

Shops:
D:5 (?*


Message History

You barely miss the two-headed ogre.
The two-headed ogre is lightly wounded.
The two-headed ogre closely misses you.
The two-headed ogre hits you with a +0 giant club!
You hit the two-headed ogre.
The two-headed ogre is lightly wounded.
You barely miss the two-headed ogre.
The two-headed ogre is lightly wounded.
The two-headed ogre hits you with a +0 giant club!!
The two-headed ogre barely misses you.
You slash the two-headed ogre!
The two-headed ogre is moderately wounded.
The two-headed ogre hits you with a +0 giant club!
* * * LOW HITPOINT WARNING * * *
You block the two-headed ogre's attack.
You hit the two-headed ogre.
The two-headed ogre is moderately wounded.
You hit the two-headed ogre.
The two-headed ogre is moderately wounded.
You block the two-headed ogre's attack.
The two-headed ogre hits you with a +0 giant club.
* * * LOW HITPOINT WARNING * * *
You hit the two-headed ogre but do no damage.
The two-headed ogre is moderately wounded.
There is an open door here.
The two-headed ogre attacks as you move away!
You block the two-headed ogre's attack.
The two-headed ogre hits you with a +0 giant club!
* * * LOW HITPOINT WARNING * * *
The two-headed ogre attacks as you move away!
The two-headed ogre hits you with a +0 giant club.
* * * LOW HITPOINT WARNING * * *
The two-headed ogre hits you with a +0 giant club.
* * * LOW HITPOINT WARNING * * *
The orc attacks as you move away! You block the orc's attack.
The orc attacks as you move away! The orc hits you but does no damage.
The two-headed ogre attacks as you move away!
You block the two-headed ogre's attack.
The two-headed ogre hits you with a +0 giant club!!
You die...

...#...))#...###...#...#######...
...#.....#.#.#.#...#.......+ #...
...#....)).#.#.#...#...##### #...
...#.....#...#.'...#...#### #...
o$.#.....#...#.#...#......## #.##
...#.....#..##)#.#.#...<...# #...
...............#...######'## #...
O...####.####..#Oo.# #...# #.##
.)..##.....##..#@#.# #.#.# #...
....#.......#.##...# #.#.# #...
....#.......#...#+## #.#.###...
......oO_.o.....# +.......#.
....#..)....#...# ####......
....#.))....#.### #......
....##.....##.. #.....#
##..####.####.## #.#...# +...
..... ..# #......


You could see a two-headed ogre and an orc.

Vanquished Creatures
  A two-headed ogre (D:9)
  Maggie (D:8)
  A troll (D:9)
  Prince Ribbit (D:8)
  2 wraiths
  6 yaks (D:9)
  2 wyverns
  2 steam dragons
  An acid dragon (D:6)
  A water moccasin (D:9)
  A sky beast (D:8)
  6 orc warriors
  2 black bears
  An ice beast (D:5)
  7 centaurs
  2 phantoms
  4 scorpions
  2 bullfrogs
  3 gnoll sergeants
  A necrophage (D:4)
  An electric eel (D:8)
  9 howler monkeys
  A hound (D:6)
  5 jellies
  6 orc priests
  A gnoll bouda (D:6)
  An iguana (D:5)
  Terence (D:3)
  8 orc wizards
  10 adders
  15 gnolls
  2 river rats
  A shadow imp (D:8)
  6 white imps
  An ufetubus (D:4)
  2 worms
  A dart slug (D:5)
  22 orcs
  A bat (D:3)
  9 endoplasms
  9 giant cockroaches
  3 goblins
  5 hobgoblins
  3 jackals (D:2)
  2 kobolds
  5 quokkas
  8 ball pythons
  8 frilled lizards
  4 rats
  2 rat zombies (D:7)
199 creatures vanquished.

Vanquished Creatures (others)
  4 plants (D:5)
4 creatures vanquished.

Grand Total: 203 creatures vanquished

Notes
Turn   | Place    | Note
-------+----------+-------------------------------------------
     0 | D:1      | SeriousMike the Hill Orc Fighter began the quest for the
                  | Orb.
     0 | D:1      | Reached XP level 1. HP: 19/19 MP: 1/1
   338 | D:1      | Reached XP level 2. HP: 24/27 MP: 2/2
   615 | D:1      | Reached skill level 3 in Axes
   824 | D:2      | Reached XP level 3. HP: 24/33 MP: 3/3
  1346 | D:2      | Found a shimmering altar of Xom.
  1422 | D:2      | Found a faded altar of an unknown god.
  1638 | D:3      | Found a glowing silver altar of Zin.
  1674 | D:3      | Noticed a black bear
  1682 | D:3      | Killed a black bear
  1683 | D:3      | Reached skill level 4 in Axes
  1683 | D:3      | Reached XP level 4. HP: 35/40 MP: 4/4
  1683 | D:3      | Reached XP level 5. HP: 41/46 MP: 5/5
  1750 | D:3      | Reached skill level 5 in Axes
  1787 | D:3      | Noticed Terence
  1796 | D:3      | Killed Terence
  1866 | D:3      | Found a bloodstained altar of Trog.
  1926 | D:3      | Reached XP level 6. HP: 51/53 MP: 6/6
  2353 | D:4      | Reached skill level 6 in Axes
  2353 | D:4      | Reached skill level 1 in Dodging
  2516 | D:4      | Reached XP level 7. HP: 40/60 MP: 7/7
  2713 | D:4      | You are sucked into a shaft and drop 2 floors!
  2763 | D:6      | Reached skill level 5 in Fighting
  2763 | D:6      | Reached skill level 7 in Axes
  2763 | D:6      | Reached skill level 5 in Armour
  3039 | D:6      | Found a glowing drain.
  3063 | Sewer    | Entered a sewer
  3465 | Sewer    | Found a viscous altar of Jiyva.
  3775 | D:6      | Reached XP level 8. HP: 55/69 MP: 8/8
  3942 | D:6      | Reached skill level 8 in Axes
  4249 | D:6      | Found a staircase to the Ecumenical Temple.
  4284 | D:5      | Entered Level 5 of the Dungeon
  4333 | D:5      | Found Kuyplata's Assorted Antiques.
  5124 | D:5      | Found a white marble altar of Elyvilon.
  5825 | D:5      | Bought a potion of might for 112 gold pieces
  5825 | D:5      | Bought a scroll of identify for 56 gold pieces
  5858 | D:5      | Found Xuekk's Magic Scroll Emporium.
  5928 | D:5      | Reached skill level 9 in Axes
  5984 | D:5      | Found Guheaq's Firing Range.
  6176 | D:6      | Reached skill level 5 in Shields
  6696 | Temple   | Entered the Ecumenical Temple
  7070 | D:7      | Identified the +4 arbalest of Freehold {elec, rPois rF+}
  7116 | D:7      | Reached XP level 9. HP: 63/78 MP: 9/9
  7218 | D:7      | Reached skill level 10 in Axes
  7830 | D:7      | Found an ancient bone altar of Kikubaaqudgha.
  7897 | D:7      | Found a sacrificial altar of Ru.
  7904 | D:7      | Found a sparkling altar of Nemelex Xobeh.
  8352 | D:8      | Noticed Maggie
  8375 | D:8      | Killed Maggie
  8376 | D:8      | Reached skill level 11 in Axes
  8651 | D:8      | Found a staircase to the Lair.
  9126 | D:9      | Noticed a two-headed ogre
  9147 | D:9      | Reached XP level 10. HP: 81/86 MP: 10/10
  9152 | D:9      | Killed a two-headed ogre
  9153 | D:9      | Reached skill level 12 in Axes
  9153 | D:9      | Reached skill level 1 in Stealth
  9522 | D:9      | Found a hazy altar of Hepliaklqana.
  9540 | D:9      | Found a shimmering blue altar of Sif Muna.
  9685 | D:9      | Reached skill level 13 in Axes
 10458 | D:8      | Noticed Prince Ribbit
 10476 | D:8      | Killed Prince Ribbit
 11935 | D:9      | Reached XP level 11. HP: 89/97 MP: 11/11
 12009 | D:10     | Entered Level 10 of the Dungeon
 12102 | D:10     | Found a radiant altar of Vehumet.
 12117 | D:10     | Reached skill level 14 in Axes
 12232 | D:10     | Noticed a two-headed ogre
 12274 | D:10     | Mangled by a two-headed ogre

Illustrated notes

Levels and vault maps discovered:
D:1:      saegor_arrival_miasma, layout_rooms
D:2:      layout_loops_cross, shapermc_ecumenical_altar_petra, basic_altar
D:3:      layout_basic, marbit_many_paths, trog_three_pillars_becter,
          uniq_terence
D:4:      layout_loops_ring
D:5:      layout_rooms, mainiacjoe_overflow_alcove_4, serial_shops,
          nicolae_take_the_stairs, nicolae_shop_behind_doors, glass_columns_a,
          nicolae_shop_firing_range
D:6:      layout_layer_cave, minmay_temple_entry_fiery, portal_sewer_entry_c,
          hangedman_abyss_or_decor_passed
D:7:      layout_basic, mainiacjoe_overflow_catch_the_wave,
          lemuel_zombie_altar_kikubaaqudgha
D:8:      layout_basic, lair_entry_dummy, grunt_decor_resistance,
          minmay_crystal_water, minmay_large_rounded_square, uniq_maggie,
          uniq_prince_ribbit1
D:9:      minmay_skewed_foursquare, layout_stronghold, mainiacjoe_overflow_swirl
D:10:     layout_stronghold, lemuel_tele_altar,
          mainiacjoe_overflow_concentric_impassable, old_standard_altar,
          orc_0_dummy, serial_shops, nicolae_square_shop
Temple:   nicolae_temple_ecumenical_triangle

Skill      XL: |  1  2  3  4  5  6  7  8  9 10 11 |
---------------+----------------------------------+-----
Axes           | 3 4 5 6 7 9 11 13 14 | 14.0
Fighting       | 4 5 6 7 9 |  9.1
Armour         | 4 5 6 7 |  7.7
Shields        | 4 5 7 |  7.4
Dodging        | 1 2 3 4 |  4.6
Stealth        | 1 |  1.0

Action                   |  1- 3 |  4- 6 |  7- 9 | 10-12 || total
-------------------------+-------+-------+-------+-------++-------
Melee: War axe           |    96 |    82 |   405 |   209 ||   792
  Use: Scroll            |     2 |       |    12 |     3 ||    17
       Potion            |       |       |     4 |     1 ||     5
 Stab: Sleeping          |       |       |       |     1 ||     1
Armor: Scale mail        |    59 |    37 |   208 |       ||   304
       Steam dragon scal |       |       |    16 |    62 ||    78
Dodge: Dodged            |    47 |    43 |   199 |    71 ||   360
Block: Buckler           |    20 |    16 |    72 |       ||   108
       Kite shield       |       |       |    40 |    87 ||   127
